 Dungeon Crawl Stone Soup version 0.29.1-13-g9f3cf754e1 (webtiles) character file.

Game seed: 9026605216138794404

1323 MacCMillion the Carver (level 8, 0/94 HPs)
             Began as a Demigod Gladiator on Feb 2, 2023.
             Succumbed to Grum's poison
             ... on level 8 of the Dungeon.
             The game lasted 00:13:30 (5886 turns).

MacCMillion the Carver (Demigod Gladiator)          Turns: 5886, Time: 00:13:30

Health: 0/94       AC:  6    Str: 12    XL:     8   Next: 11%
Magic:  10/10      EV: 14    Int: 21    God:
Gold:   277        SH:  0    Dex: 23    Spells: 7/7 levels left

rFire   . . .      SeeInvis +   a - +0 long sword
rCold   . . .      Faith    .   (no shield)
rNeg    + . .      Spirit   .   y - +1 leather armour "Jinayfe" {Int+5 Dex-4 Slay+3}
rPois   .          Reflect  .   r - +0 helmet "Echal" {Str-3 Int+6 Dex+4 SInv}
rElec   .          Harm     .   t - +0 cloak
rCorr   .          Rampage  .   (no gloves)
Will    .....                   (no boots)
Stlth   ..........              (no amulet)
HPRegen 0.25/turn               h - ring of positive energy
MPRegen 0.12/turn               (no ring)

@: berserking (expiring), lethally poisoned (0 -> -16), very quick
A: high MP 1, forlorn, divine attributes
a: no special abilities


You were on level 8 of the Dungeon.
You visited 1 branch of the dungeon, and saw 7 of its levels.

You collected 277 gold pieces.

Inventory:

Hand Weapons
 a - a +0 long sword (weapon)
Missiles
 d - 2 throwing nets (quivered)
 e - a javelin
Armour
 b - a +0 leather armour
 l - a +0 ring mail
 n - a +2 helmet
 q - a scarf of invisibility
 r - the +0 helmet "Echal" (worn) {Str-3 Int+6 Dex+4 SInv}
   (You found it on level 3 of the Dungeon)

   Str:       It affects your strength (-3).
   Int:       It affects your intelligence (+6).
   Dex:       It affects your dexterity (+4).
   SInv:      It lets you see invisible.
 t - a +0 cloak (worn)
 y - the +1 leather armour "Jinayfe" (worn) {Int+5 Dex-4 Slay+3}
   (You found it on level 7 of the Dungeon)

   Int:       It affects your intelligence (+5).
   Dex:       It affects your dexterity (-4).
   Slay:      It affects your accuracy & damage with ranged weapons and melee
   (+3).
Jewellery
 h - a ring of positive energy (left hand)
Wands
 v - a wand of flame (10)
 w - a wand of acid (15)
Scrolls
 g - a scroll of vulnerability
 i - a scroll of enchant armour
 k - a scroll of blinking
 u - 2 scrolls of teleportation
 z - a scroll of amnesia
Potions
 c - 2 potions of magic
 f - a potion of curing
 m - a potion of heal wounds
 o - a potion of resistance
 p - 2 potions of attraction
 s - a potion of ambrosia {unknown}
 x - a potion of flight {unknown}


   Skills:
 - Level 3.0 Fighting
 * Level 9.0 Long Blades
 - Level 1.9 Throwing
 + Level 3.9 Dodging


You had 7 spell levels left.
You didn't know any spells.
Your spell library contained the following spells:

 Spells                   Type           Power      Damage    Failure   Level
 Confusing Touch          Hex            0%         N/A       56%         3
 Stone Arrow              Conj/Erth      0%         3d7       56%         3
 Animate Armour           Summ/Erth      0%         N/A       92%         4
 Blade Hands              Tmut           0%         N/A       99%         5
 Yara's Violent Unravell  Hex/Tmut       0%         3d3       99%         5
 Iron Shot                Conj/Erth      0%         9d1       100%        6
 Enfeeble                 Hex            0%         N/A       100%        7
 Lehudib's Crystal Spear  Conj/Erth      0%         10d2      100%        8


Dungeon Overview and Level Annotations

Branches:
Dungeon (8/15)             Temple (0/1) D:5
   Lair: D:8-11

Annotations:
D:3 Sigmund


Innate Abilities, Weirdness & Mutations

You have an increased reservoir of magic. (+10% MP)
You shall have no god before yourself.
Your divine heritage dramatically boosts your attributes as you level up.


Message History

Grum hits you with a -1 spear of venom!
* * * LOW HITPOINT WARNING * * *
You are lethally poisoned!
You hit Grum.
Grum is severely wounded.
* * * LOW HITPOINT WARNING * * *
You feel very sick.
You are too berserk!
You barely miss Grum.
Grum is severely wounded.
* * * LOW HITPOINT WARNING * * *
You feel very sick. Grum barely misses you.
You barely miss Grum.
Grum is severely wounded.
* * * LOW HITPOINT WARNING * * *
You feel very sick. Grum hits you but does no damage.
You are more poisoned.
You slash Grum!
You kill Grum!
* * * LOW HITPOINT WARNING * * *
You feel very sick.
Your Long Blades skill increases to level 9!
You slash the wolf!
The wolf is heavily wounded.
* * * LOW HITPOINT WARNING * * *
You feel very sick. The wolf barely misses you. The wolf bites you.
* * * LOW HITPOINT WARNING * * *
You closely miss the wolf.
The wolf is heavily wounded.
* * * LOW HITPOINT WARNING * * *
You feel sick. The wolf completely misses you.
You are too berserk!
Unknown command.
You are too berserk!
You barely miss the wolf.
The wolf is heavily wounded.
You die...

#..# #.#
#.##..####.#
...........###
#####..)..)..#
########.# #.#
#.#
##########)#
......h@...#
.###########


You could see a wolf.

Vanquished Creatures
  Grum (D:8)
  A water moccasin (D:5)
  A sky beast (D:8)
  2 ogres
  2 wolves (D:8)
  A phantom (D:4)
  A gnoll sergeant (D:8)
  2 necrophages
  A scorpion (D:5)
  A wight (D:7)
  2 hounds
  2 orc priests (D:8)
  An iguana (D:5)
  3 gnolls (D:8)
  4 adders
  A shadow imp (D:4)
  An ufetubus (D:5)
  4 dart slugs
  10 orcs
  4 ball pythons
  5 bats
  6 endoplasms
  4 giant cockroaches
  2 goblins
  9 hobgoblins
  2 jackals (D:4)
  3 quokkas
  2 frilled lizards
  6 kobolds
  5 rats
89 creatures vanquished.

Vanquished Creatures (others)
  A quokka (D:3)
  4 fungi (D:4)
5 creatures vanquished.

Grand Total: 94 creatures vanquished

Notes
Turn   | Place    | Note
-------+----------+-------------------------------------------
     0 | D:1      | MacCMillion the Demigod Gladiator began the quest for the
                  | Orb.
     0 | D:1      | Reached XP level 1. HP: 17/17 MP: 3/3
   345 | D:1      | Reached skill level 3 in Long Blades
   345 | D:1      | Reached XP level 2. HP: 24/24 MP: 4/4
  1233 | D:2      | Reached XP level 3. HP: 29/29 MP: 5/5
  1983 | D:3      | Reached skill level 4 in Long Blades
  2278 | D:3      | Identified the +0 helmet "Echal" {Str-3 Int+6 Dex+4 SInv}
  2468 | D:3      | Noticed Sigmund
  2602 | D:3      | Reached XP level 4. HP: 37/37 MP: 6/6
  2955 | D:4      | Noticed an ogre
  3187 | D:4      | Killed an ogre
  3188 | D:4      | Reached XP level 5. HP: 42/44 MP: 7/7
  3281 | D:4      | Reached skill level 5 in Long Blades
  3783 | D:5      | Entered Level 5 of the Dungeon
  3783 | D:5      | Noticed an ogre
  3787 | D:5      | Noticed a water moccasin
  3801 | D:4      | Reached skill level 6 in Long Blades
  3801 | D:4      | Reached XP level 6. HP: 41/51 MP: 8/8
  4075 | D:5      | Killed a water moccasin
  4076 | D:5      | Reached skill level 7 in Long Blades
  4076 | D:5      | Reached XP level 7. HP: 38/57 MP: 9/9
  4248 | D:5      | Found a staircase to the Ecumenical Temple.
  4359 | D:5      | You fall into a shaft and drop 3 floors!
  4623 | D:7      | Identified the +1 leather armour "Jinayfe" {Int+5 Dex-4
                  | Slay+3}
  5219 | D:8      | Reached skill level 8 in Long Blades
  5865 | D:8      | Noticed Grum
  5877 | D:8      | Reached XP level 8. HP: 48/63 MP: 10/10
  5883 | D:8      | Killed Grum
  5884 | D:8      | Reached skill level 9 in Long Blades
  5885 | D:8      | HP: 3/94 [poisoned by Grum]
  5886 | D:8      | Succumbed to Grum's poison

Illustrated notes

Levels and vault maps discovered:
D:1:      ncdulo_watergridlock, layout_basic, ebering_ecumenical_altar_mist
D:2:      layout_basic, st_stairs_14
D:3:      layout_basic, elyvilon_altar_4, uniq_sigmund
D:4:      layout_rooms, mainiacjoe_overflow_boulevard
D:5:      layout_rooms, minmay_temple_entry_statues_fountains, uniq_duvessa
D:7:      layout_gridville, minmay_misc_feat_enclosed, uniq_menkaure
D:8:      layout_loops_ring, mainiacjoe_overflow_catwalk,
          grunt_temple_overflow_open, gammafunk_ghost_icy, uniq_grum

Skill      XL: |  1  2  3  4  5  6  7  8 |
---------------+-------------------------+-----
Long Blades    | 3 4 6 7 8 9 |  9.0
Fighting       | 2 3 |  3.0
Dodging        | 3 |  3.9
Throwing       | |  1.9

Action                   |  1- 3 |  4- 6 |  7- 9 || total
-------------------------+-------+-------+-------++-------
Melee: Long sword        |   126 |   117 |    75 ||   318
       Punch             |     1 |       |     2 ||     3
Throw: Throwing net      |       |     3 |       ||     3
       Javelin           |       |     1 |       ||     1
Evoke: Wand              |       |       |     1 ||     1
  Use: Scroll            |     5 |     1 |     6 ||    12
       Potion            |     1 |     2 |     3 ||     6
 Stab: Sleeping          |     1 |       |       ||     1
Armor: Leather armour    |    17 |       |    16 ||    33
       Ring mail         |    33 |    52 |     6 ||    91
Dodge: Dodged            |    90 |    65 |    40 ||   195
